PAAA
FLORIDA MEN @ TORTOLITA DRUMMERS
05/28/2022
 
TOP OF THE 1ST
Florida Men batting - Pitching for Tortolita Drummers : RHP Aaron Wise
Pitching: RHP Aaron Wise
Batting: RHB Seon-keun Kim 0-0: Fly out, F5 (Popup, 25)
Batting: LHB Jim Unknown 0-0: Ball
1-0: Ground out U3 (Groundball, 3)
Batting: RHB Carlos Rodríguez 0-0: Ball
1-0: Ground out 1-3 (Groundball, 15)
Top of the 1st over - 0 run(s), 0 hit(s), 0 error(s), 0 left on base; Florida 0 - Tortolita 0
BOTTOM OF THE 1ST
Tortolita Drummers batting - Pitching for Florida Men : RHP Jim Unknown
Pitching: RHP Jim Unknown
Batting: SHB Mauro López 0-0: Ball
1-0: Ball
2-0: Foul Ball, location: 2F
2-1: Ball
3-1: Ground out 1-3 (Groundball, 15)
Batting: RHB Jorge Féliz 0-0: Called Strike
0-1: Fly out, F9 (Flyball, 9M)
Batting: RHB Lonnie Conrad 0-0: Ball
1-0: Ball
2-0: Called Strike
2-1: Ground out 6-3 (Groundball, 6)
Bottom of the 1st over - 0 run(s), 0 hit(s), 0 error(s), 0 left on base; Florida 0 - Tortolita 0
TOP OF THE 2ND
Florida Men batting - Pitching for Tortolita Drummers : RHP Aaron Wise
Batting: RHB Jim Unknown 0-0: Ground out U3 (Groundball, 3)
Batting: RHB Won-min Yi 0-0: Ball
1-0: SINGLE (Groundball, 6MD)
Batting: RHB Gilberto Patino 0-0: Fly out, F8 (Flyball, 8LD)
Batting: LHB Mito Rin 0-0: Called Strike
0-1: Ball
1-1: Ball
2-1: Ball
Won-min Yi steals 2nd base
3-1: Fly out, F7 (Flyball, 7S)
Top of the 2nd over - 0 run(s), 1 hit(s), 0 error(s), 1 left on base; Florida 0 - Tortolita 0
BOTTOM OF THE 2ND
Tortolita Drummers batting - Pitching for Florida Men : RHP Jim Unknown
Batting: LHB Keith Spear 0-0: Ball
1-0: SOLO HOME RUN (Flyball, 9D), Distance : 375 ft
Batting: SHB Dan Godwin 0-0: Called Strike
0-1: Ball
1-1: SINGLE (Groundball, 34D)
Batting: RHB Jim Harris 0-0: Ball
1-0: Ball
Wild Pitch!
Dan Godwin to second
2-0: Foul Ball, location: 2F
2-1: Ball
3-1: Base on Balls
Batting: SHB Cedric Fields 0-0: Called Strike
0-1: Ball
1-1: Ball
2-1: Swinging Strike
2-2: Foul Ball, location: 2F
2-2: Foul Ball, location: 2F
2-2: Ball
3-2: DOUBLE (Flyball, 89M)
Dan Godwin scores
Jim Harris to third
Batting: LHB Adrián Franco 0-0: Ball
1-0: Ball
2-0: Called Strike
2-1: Ball
3-1: Base on Balls
Batting: SHB Roger Wheeler 0-0: Foul Ball, location: 2F
0-1: Ball
1-1: Ball
2-1: Fly out, F6 (Popup, 56D)
Batting: SHB Mauro López 0-0: Called Strike
0-1: Foul Ball, location: 2F
0-2: Ball
1-2: Ball
2-2: Grounds into fielders choice 1-2 (Groundball, 2R)
Cedric Fields to third
Adrián Franco to second
Batting: RHB Jorge Féliz 0-0: Ball
1-0: Called Strike
1-1: Ground out 1-3 (Groundball, 23)
Bottom of the 2nd over - 2 run(s), 3 hit(s), 0 error(s), 3 left on base; Florida 0 - Tortolita 2
TOP OF THE 3RD
Florida Men batting - Pitching for Tortolita Drummers : RHP Aaron Wise
Batting: RHB Dave Knight 0-0: Fly out, F7 (Line Drive, 7S)
Batting: RHB Frank Collins 0-0: Ball
1-0: Ball
2-0: Called Strike
2-1: Foul Ball, location: 2F
2-2: Foul Ball, location: 2F
2-2: Foul Ball, location: 2F
2-2: Foul Ball, location: 2F
2-2: Strikes out swinging
Batting: RHB Seon-keun Kim 0-0: Ball
1-0: Ball
2-0: Ball
3-0: Base on Balls
Batting: LHB Jim Unknown 0-0: Ball
1-0: Ball
2-0: Foul Ball, location: 2F
2-1: SINGLE (Line Drive, 4MD)
Seon-keun Kim to second
Batting: RHB Carlos Rodríguez 0-0: Ball
1-0: Called Strike
1-1: SINGLE (Line Drive, 56D)
Seon-keun Kim to third
Jim Unknown to second
Runner from 3rd tries for Home, SAFE, throw made home
Jim Unknown to third
Carlos Rodríguez to second
Batting: RHB Jim Unknown 0-0: Called Strike
0-1: Ball
1-1: Swinging Strike
1-2: Ball
2-2: Strikes out swinging
Top of the 3rd over - 1 run(s), 2 hit(s), 0 error(s), 2 left on base; Florida 1 - Tortolita 2
BOTTOM OF THE 3RD
Tortolita Drummers batting - Pitching for Florida Men : RHP Jim Unknown
Batting: RHB Lonnie Conrad 0-0: Foul Ball, location: 2F
0-1: Ball
1-1: Ball
2-1: SINGLE (Line Drive, 56D)
Batting: LHB Keith Spear 0-0: Ball
1-0: Ball
2-0: Ball
3-0: Base on Balls
Lonnie Conrad to second
Batting: SHB Dan Godwin 0-0: Fly out, F7 (Flyball, 7LMF)
Batting: RHB Jim Harris 0-0: Ball
1-0: Foul Ball, location: 2F
1-1: Ball
2-1: Fly out, F9 (Flyball, 89XD)
Runner from 2nd tags up, SAFE at 3rd, no throw
Batting: SHB Cedric Fields 0-0: Called Strike
0-1: Called Strike
0-2: Fly out, F7 (Line Drive, 7S)
Bottom of the 3rd over - 0 run(s), 1 hit(s), 0 error(s), 2 left on base; Florida 1 - Tortolita 2
TOP OF THE 4TH
Florida Men batting - Pitching for Tortolita Drummers : RHP Aaron Wise
Batting: RHB Won-min Yi 0-0: Called Strike
0-1: Fly out, F4 (Line Drive, 4)
Batting: RHB Gilberto Patino 0-0: Called Strike
0-1: Ball
1-1: Fly out, F2 (Popup, 2LF)
Batting: LHB Mito Rin 0-0: Swinging Strike
0-1: Called Strike
0-2: Strikes out swinging
Top of the 4th over - 0 run(s), 0 hit(s), 0 error(s), 0 left on base; Florida 1 - Tortolita 2
BOTTOM OF THE 4TH
Tortolita Drummers batting - Pitching for Florida Men : RHP Jim Unknown
Batting: LHB Adrián Franco 0-0: Ball
1-0: Ball
2-0: Ground out 3-1 (Groundball, 3)
Batting: SHB Roger Wheeler 0-0: Called Strike
0-1: Ball
1-1: Ball
2-1: Foul Ball, location: 2F
2-2: Foul Ball, location: 2F
2-2: Foul Ball, location: 2F
2-2: SINGLE (Flyball, 8RS)
Batting: SHB Mauro López 0-0: Ball
1-0: Ball
2-0: Called Strike
2-1: Ball
3-1: Swinging Strike
3-2: SINGLE (Line Drive, 6MD)
Roger Wheeler to second
Batting: RHB Jorge Féliz 0-0: Called Strike
0-1: Ball
1-1: SINGLE (Line Drive, 56D)
Roger Wheeler to third
Mauro López to second
Batting: RHB Lonnie Conrad 0-0: Grounds into double play, U5-3 (Groundball, 5L)
Bottom of the 4th over - 0 run(s), 3 hit(s), 0 error(s), 2 left on base; Florida 1 - Tortolita 2
TOP OF THE 5TH
Florida Men batting - Pitching for Tortolita Drummers : RHP Aaron Wise
Batting: RHB Dave Knight 0-0: Ground out 6-3 (Groundball, 6)
Batting: RHB Frank Collins 0-0: Foul Ball, location: 2F
0-1: Ball
1-1: Ball
2-1: Ground out 5-3 (Groundball, 56)
Batting: RHB Seon-keun Kim 0-0: Ball
1-0: SINGLE (Groundball, 56D)
Batting: LHB Jim Unknown 0-0: Called Strike
0-1: Foul Ball, location: 2F
0-2: Ball
1-2: Strikes out swinging
Top of the 5th over - 0 run(s), 1 hit(s), 0 error(s), 1 left on base; Florida 1 - Tortolita 2
BOTTOM OF THE 5TH
Tortolita Drummers batting - Pitching for Florida Men : RHP Jim Unknown
Batting: LHB Keith Spear 0-0: Foul Ball, location: 2F
0-1: Foul Ball, location: 2F
0-2: Strikes out looking
Batting: SHB Dan Godwin 0-0: Called Strike
0-1: DOUBLE (Groundball, 5D)
Batting: RHB Jim Harris 0-0: Called Strike
0-1: Ball
1-1: Foul Ball, location: 2F
1-2: Ball
2-2: Ball
3-2: Base on Balls
Pitching: RHP Jeff Krause
Batting: SHB Cedric Fields 0-0: Called Strike
0-1: Ball
1-1: Ball
2-1: Swinging Strike
2-2: SINGLE (Flyball, 89S)
Dan Godwin to third
Jim Harris to second
Batting: LHB Adrián Franco 0-0: SINGLE (Line Drive, 34D)
Dan Godwin scores
Jim Harris to third
Cedric Fields to second
Runner from 3rd tries for Home, SAFE, no throw or cutoff
Batting: SHB Roger Wheeler 0-0: Called Strike
0-1: Swinging Strike
0-2: Ball
1-2: Fly out, F7 (Popup, 8LS)
Batting: SHB Mauro López 0-0: Fly out, F8 (Line Drive, 8RM)
Bottom of the 5th over - 2 run(s), 3 hit(s), 0 error(s), 2 left on base; Florida 1 - Tortolita 4
TOP OF THE 6TH
Florida Men batting - Pitching for Tortolita Drummers : RHP Aaron Wise
Batting: RHB Carlos Rodríguez 0-0: Swinging Strike
0-1: Ball
1-1: Ball
2-1: Ground out 5-3 (Groundball, 5)
Batting: RHB Jim Unknown 0-0: Called Strike
0-1: Ball
1-1: Called Strike
1-2: Foul Ball, location: 2F
1-2: Fly out, F7 (Flyball, 7M)
Batting: RHB Won-min Yi 0-0: Ball
1-0: Ball
2-0: Ball
3-0: Base on Balls
Batting: RHB Gilberto Patino 0-0: Called Strike
0-1: Ball
Won-min Yi steals 2nd base
1-1: SINGLE (Groundball, 56D)
Won-min Yi to third
Runner from 3rd tries for Home, SAFE, no throw or cutoff
Batting: LHB Mito Rin 0-0: Reached on Error, E7 (Flyball, 7S)
Gilberto Patino to third
Batting: RHB Dave Knight 0-0: Ball
1-0: Ball
2-0: Foul Ball, location: 2F
2-1: Foul Ball, location: 2F
2-2: Ball
3-2: Base on Balls
Batting: RHB Frank Collins 0-0: Fly out, F9 (Flyball, 9LM)
Top of the 6th over - 1 run(s), 1 hit(s), 1 error(s), 3 left on base; Florida 2 - Tortolita 4
BOTTOM OF THE 6TH
Tortolita Drummers batting - Pitching for Florida Men : RHP Jeff Krause
Batting: RHB Jorge Féliz 0-0: Swinging Strike
0-1: Ball
1-1: Ball
2-1: Ball
3-1: Base on Balls
Batting: RHB Lonnie Conrad 0-0: Ball
1-0: SINGLE (Groundball, 56D)
Jorge Féliz to second
Batting: LHB Keith Spear 0-0: Ball
1-0: Called Strike
1-1: Ball
2-1: Ball
3-1: Ground out 5-3 (Groundball, 5S)
Jorge Féliz to third
Lonnie Conrad to second
Batting: SHB Dan Godwin 0-0: Ball
1-0: Called Strike
1-1: Ball
2-1: Fly out, F7 (Flyball, 7LS)
Batting: RHB Jim Harris 0-0: Called Strike
0-1: Swinging Strike
0-2: Ball
1-2: Ball
2-2: Ground out 4-3 (Groundball, 4M)
Bottom of the 6th over - 0 run(s), 1 hit(s), 0 error(s), 2 left on base; Florida 2 - Tortolita 4
TOP OF THE 7TH
Florida Men batting - Pitching for Tortolita Drummers : RHP Aaron Wise
Batting: RHB Seon-keun Kim 0-0: Ball
1-0: Ball
2-0: Ball
3-0: Foul Ball, location: 2F
3-1: Swinging Strike
3-2: Strikes out swinging
Batting: LHB Jim Unknown 0-0: Ball
1-0: Ball
2-0: Ball
3-0: Base on Balls
Pitching: LHP Steven Hodnett
Batting: RHB Carlos Rodríguez 0-0: Ground out 6-3 (Groundball, 6MS)
Jim Unknown to second
Batting: RHB Jim Unknown 0-0: Swinging Strike
0-1: Ball
1-1: DOUBLE (Line Drive, 7LS)
Jim Unknown scores
Batting: RHB Won-min Yi 0-0: Called Strike
0-1: Ball
1-1: Foul Ball, location: 2F
1-2: Foul Ball, location: 2F
1-2: Foul Ball, location: 2F
1-2: Foul Ball, location: 2F
1-2: SINGLE (Groundball, 34D) (infield hit)
Jim Unknown to third
Batting: RHB Gilberto Patino 0-0: Ball
1-0: Called Strike
1-1: Fly out, F9 (Flyball, 9D)
Top of the 7th over - 1 run(s), 2 hit(s), 0 error(s), 2 left on base; Florida 3 - Tortolita 4
BOTTOM OF THE 7TH
Tortolita Drummers batting - Pitching for Florida Men : RHP Jeff Krause
Batting: SHB Cedric Fields 0-0: SINGLE (Groundball, 34D)
Batting: LHB Adrián Franco 0-0: Called Strike
0-1: Swinging Strike
0-2: Strikes out looking
Pinch Hitting: LHB Raúl Andrade 0-0: Called Strike
0-1: Foul Ball, location: 2F
0-2: Foul Ball, location: 2F
0-2: Ball
1-2: Foul Ball, location: 2F
1-2: Fly out, F5 (Popup, 5F)
Batting: SHB Mauro López 0-0: Ball
1-0: Called Strike
1-1: Foul Ball, location: 2F
1-2: Ball
2-2: Ball
3-2: Base on Balls
Cedric Fields to second
Batting: RHB Jorge Féliz 0-0: Ball
1-0: Ball
2-0: Called Strike
2-1: Ball
3-1: Base on Balls
Cedric Fields to third
Mauro López to second
Batting: RHB Lonnie Conrad 0-0: Ball
1-0: Ball
2-0: Foul Ball, location: 2F
2-1: Swinging Strike
2-2: Ball
3-2: DOUBLE (Line Drive, 78XD)
Cedric Fields scores
Mauro López scores
Jorge Féliz to third
Jorge Féliz scores
Pitching: RHP Jorge Silva
Batting: LHB Keith Spear 0-0: Called Strike
0-1: Foul Ball, location: 2F
0-2: Strikes out swinging
Bottom of the 7th over - 3 run(s), 2 hit(s), 0 error(s), 1 left on base; Florida 3 - Tortolita 7
TOP OF THE 8TH
Florida Men batting - Pitching for Tortolita Drummers : LHP Steven Hodnett
Now at 2B: Nick Reed
Batting: LHB Mito Rin 0-0: Swinging Strike
0-1: Ball
1-1: Foul Ball, location: 2F
1-2: Ball
2-2: Foul Ball, location: 2F
2-2: Foul Ball, location: 2F
2-2: Ball
3-2: Foul Ball, location: 2F
3-2: Fly out, F7 (Flyball, 7LM)
Batting: RHB Dave Knight 0-0: Foul Ball, location: 2F
0-1: Ball
1-1: Foul Ball, location: 2F
1-2: Strikes out swinging
Batting: RHB Frank Collins 0-0: Ball
1-0: Ball
2-0: Ball
3-0: Called Strike
3-1: Base on Balls
Batting: RHB Seon-keun Kim 0-0: Ball
1-0: Fly out, F3 (Line Drive, 34)
Top of the 8th over - 0 run(s), 0 hit(s), 0 error(s), 1 left on base; Florida 3 - Tortolita 7
BOTTOM OF THE 8TH
Tortolita Drummers batting - Pitching for Florida Men : RHP Jorge Silva
Batting: SHB Dan Godwin 0-0: Ball
1-0: Fly out, F8 (Flyball, 8LS)
Batting: RHB Jim Harris 0-0: Called Strike
0-1: Fly out, F1 (Line Drive, 13)
Batting: SHB Cedric Fields 0-0: Hit by Pitch
Batting: LHB Adrián Franco Pickoff Throw to First - Error! E1
Cedric Fields to second
0-0: Called Strike
0-1: Swinging Strike
0-2: Ball
1-2: Ground out 1-3 (Groundball, 13)
Bottom of the 8th over - 0 run(s), 0 hit(s), 1 error(s), 1 left on base; Florida 3 - Tortolita 7
TOP OF THE 9TH
Florida Men batting - Pitching for Tortolita Drummers : LHP Steven Hodnett
Batting: LHB Jim Unknown 0-0: DOUBLE (Line Drive, 7LM)
Batting: RHB Carlos Rodríguez 0-0: Fly out, F9 (Popup, 34D)
Batting: RHB Jim Unknown 0-0: SINGLE (Groundball, 6MD)
Jim Unknown to third
Runner from 3rd tries for Home, SAFE, no throw or cutoff
Pitching: RHP Pete Wood
Batting: RHB Won-min Yi 0-0: Ball
1-0: Grounds into double play, 6-4-3 (Groundball, 6)
Top of the 9th over - 1 run(s), 2 hit(s), 0 error(s), 0 left on base; Florida 4 - Tortolita 7
This league is powered by Out of the Park Baseball, the baseball management simulation game for PC, Mac and Linux
Friday, April 15th, 2016 - OOTP Baseball 16.9 Build 39